AoeStats
← CrazyBen

Arena

507243297Analyzed
4v4 RM · 16d ago on Sep 17, 2026· 49m 27s· 8 players
Game mode
Random Map
Map size
Large (8 player)
Population
200
Speed
Normal
Resources
Standard
Victory
Conquest
Starting age
Dark Age
Ending age
Imperial Age
RankedLock teamsTeams togetherTeam positionsShared explorationLock speedFull tech treeHidden civsTurbo modeCheats
Victory
Defeat
🇨🇳 Berbers · China
1464
+14
1379
+18
🇫🇷 Japanese · France
1368
+18
🇨🇳 Persians · China
1366
+18
🇹🇼 Poles · Taiwan
1519
-21
🇫🇷 Goths · France
1451
-18
🇫🇷 Sicilians · France
1443
-18
🇩🇪 Mongols · Germany
1278
-11
网恋被骗50块
7:58 Loom
11:30 Feudal Age
15:34 Castle Age
13:54 Double-Bit Axe
14:08 Horse Collar
19:22 Town Watch
20:55 Wheelbarrow
21:13 Heavy Plow
24:47 Bow Saw
27:23 Hand Cart
27:32 Gold Mining
29:46 Kasbah
29:55 Fletching
30:17 Stone Mining
30:41 Murder Holes
30:27 Treadmill Crane
31:09 Bodkin Arrow
34:23 Imperial Age
32:12 Padded Archer Armor
32:45 Ballistics
33:33 Bloodlines
33:24 Husbandry
33:30 Thumb Ring
34:31 Coinage
34:48 Leather Archer Armor
34:36 Elite Camel Archer
36:13 Hoardings
35:59 Conscription
35:55 Bracer
36:26 Ring Archer Armor
36:04 Heavy Camel Rider
37:12 Conscription
37:02 Scale Barding Armor
37:07 Forging
38:17 Chemistry
38:15 Chain Barding Armor
38:32 Iron Casting
40:24 Plate Barding Armor
40:49 Blast Furnace
40:23 Banking
40:21 Light Cavalry
41:21 Maghrebi Camels
42:14 Crop Rotation
41:48 Hussar
42:47 Guilds
46:38 Masonry
46:34 Siege Engineers
缠流子小姐赛高❤
11:17 Feudal Age
12:27 Double-Bit Axe
15:11 Castle Age
13:36 Horse Collar
18:11 Bow Saw
19:43 Wheelbarrow
19:37 Loom
22:14 Gold Mining
22:54 Forging
24:33 Hand Cart
27:24 Imperial Age
26:17 Scale Barding Armor
27:16 Light Cavalry
28:19 Chain Barding Armor
29:27 Fortified Wall
30:19 Plate Barding Armor
29:55 Forging
36:25 Iron Casting
36:12 Husbandry
42:32 Elite Skirmisher
43:19 Fletching
44:31 Chemistry
43:57 Bodkin Arrow
44:41 Bracer
44:41 Padded Archer Armor
46:20 Leather Archer Armor
47:04 Scale Mail Armor
46:52 Pikeman
47:33 Squires
48:17 Halberdier
49:51 Chain Mail Armor
50:07 Ring Archer Armor
SevenThunder438
5:01 Loom
9:37 Feudal Age
14:24 Castle Age
12:52 Double-Bit Axe
13:55 Horse Collar
22:14 Wheelbarrow
22:41 Bow Saw
23:39 Hand Cart
23:38 Heavy Plow
24:02 Stone Mining
25:31 Stone Shaft Mining
26:06 Gold Mining
30:42 Imperial Age
28:31 Scale Barding Armor
28:37 Forging
29:39 Chain Barding Armor
30:31 Bloodlines
30:21 Husbandry
30:46 Elite War Elephant
31:48 Conscription
32:25 Plate Barding Armor
32:26 Iron Casting
34:29 Two-Man Saw
35:26 Blast Furnace
42:36 Guilds
43:11 Fletching
43:59 Hoardings
47:06 Town Watch
Okhen
10:44 Feudal Age
14:35 Castle Age
15:13 Double-Bit Axe
15:09 Horse Collar
18:22 Loom
25:40 Bow Saw
27:03 Fletching
27:16 Yasama
31:53 Imperial Age
30:24 Guard Tower
31:08 Murder Holes
32:24 Wheelbarrow
32:08 Masonry
31:42 Treadmill Crane
32:13 Masonry
32:45 Bodkin Arrow
33:47 Keep
34:11 Hand Cart
35:05 Chemistry
34:07 Bracer
36:02 Ballistics
37:47 Arrowslits
40:24 Elite Skirmisher
41:11 Padded Archer Armor
42:27 Two-Man Saw
43:12 Leather Archer Armor
43:08 Forging
42:58 Scale Mail Armor
42:24 Pikeman
43:38 Halberdier
45:49 Iron Casting
45:46 Ring Archer Armor
46:47 Thumb Ring
48:52 Squires
48:40 Arson
otherguy
12:11 Feudal Age
13:22 Double-Bit Axe
13:20 Horse Collar
15:53 Castle Age
17:41 Fletching
22:47 Bodkin Arrow
23:50 Padded Archer Armor
25:16 Wheelbarrow
25:03 Bow Saw
25:22 Leather Archer Armor
27:14 Ballistics
27:46 Stone Mining
29:00 Bloodlines
28:50 Husbandry
28:58 Thumb Ring
31:30 Imperial Age
30:25 Hand Cart
32:24 Bracer
33:30 Chemistry
33:53 Gold Mining
34:36 Parthian Tactics
33:48 Light Cavalry
38:26 Heavy Camel Rider
39:23 Forging
39:19 Scale Barding Armor
41:26 Chain Barding Armor
41:42 Iron Casting
45:18 Blast Furnace
48:17 Pikeman
48:58 Squires
49:03 Scale Mail Armor
denboutain
12:16 Feudal Age
13:00 Double-Bit Axe
15:52 Castle Age
14:11 Horse Collar
21:41 Imperial Age
20:09 Bow Saw
22:23 Stone Mining
23:33 Conscription
26:41 Fletching
29:26 Scale Mail Armor
33:14 Chain Mail Armor
33:47 Forging
35:41 Plate Mail Armor
35:47 Iron Casting
39:23 Pikeman
40:00 Loom
40:53 Halberdier
47:40 Blast Furnace
46:51 Squires
elmor
11:23 Feudal Age
15:02 Castle Age
13:18 Horse Collar
13:27 Double-Bit Axe
16:33 Bow Saw
16:32 Heavy Plow
22:14 Wheelbarrow
23:19 Loom
23:54 Hand Cart
25:00 Fletching
26:07 Bodkin Arrow
28:46 Imperial Age
26:53 Padded Archer Armor
28:31 Leather Archer Armor
28:56 Thumb Ring
29:30 Ballistics
28:59 Heavy Cavalry Archer
29:53 Bloodlines
29:43 Husbandry
29:49 Bracer
30:27 Scale Barding Armor
31:57 Forging
33:05 Chain Barding Armor
33:21 Iron Casting
32:09 Light Cavalry
34:34 Conscription
34:09 Winged Hussar
34:25 Cavalier
37:19 Blast Furnace
39:27 Szlachta Privileges
42:36 Crop Rotation
43:10 Lechitic Legacy
CrazyBen
10:25 Feudal Age
14:08 Castle Age
12:12 Double-Bit Axe
12:06 Man-at-Arms
13:19 Scale Mail Armor
14:24 Long Swordsman
20:30 Chain Mail Armor
25:08 Loom
26:45 Forging
26:20 Horse Collar
31:46 Wheelbarrow
31:24 Squires
36:16 Imperial Age
33:39 Pikeman
36:35 Halberdier
Connection lost

Rejoining the realm…

Still unreachable

The connection could not be restored.

Session expired

The server has moved on; the page needs a fresh start.